Frizzbo, neutral female gnomish Wizard ---------- ------------ ### ###.........| ----- ---..........| -----# # |........| |._..###`#|............| ##-...|#### |........| |...| #.............| # |...|##`###-........| ##....-#####|..........*..#### ### |..G-## ------.--- # ----- |............| # |...| # ### --------a----- ### -|--- ### # ### # # # -------- ### # # # #u# |......| # ### # ### % |.----G-## q # # # |.| |a| ### -----########### # |.----.(f######q###############q#q#######|.=.|# -|-.- ---.------- |...>..| --.----- #....|# |...-####-.....)...| -------- |*.....-########|...|# |...| |...^.....| |./....| # #|...-# |...| |.........| |.)...<.###### #----- ----- ----------- --|----- ############# # Frizzbo the Thaumaturge Experience level: 6 Strength: 13 Dexterity: 11 Constitution: 9 Intelligence: 20 Wisdom: 19 Charisma: 8 Health: 0(34) Energy: 82(89) Def: 0 Gold: 547 Moves: 5279 Dungeon seed: AXvKtkWtU_J9Wk66 Game ID: Frizzbo_1465998078 Your Inventory: Coins $ - 547 gold pieces Weapons g - 7 uncursed +0 darts (in quiver) k - an uncursed +0 orcish dagger (alternate weapon; not wielded) O - an uncursed +2 aklys (weapon in hand) Armor e - an uncursed burnt +0 cloak of magic resistance (being worn) Comestibles c - 2 uncursed cram rations l - an uncursed lichen corpse p - an uncursed tin of hobgoblin meat A - an uncursed sprig of wolfsbane I - 2 uncursed food rations Q - an uncursed carrot Spellbooks i - an uncursed spellbook of invisibility Potions C - an uncursed potion of see invisible Tools f - an uncursed skeleton key w - an uncursed magic whistle G - an uncursed mirror H - an uncursed +0 unicorn horn J - an uncursed towel (being worn) N - an uncursed magic lamp P - an uncursed tooled horn Y - an uncursed tinning kit (0:79) Spells and supernatural/magical abilities: Name Level Category Fail Memory a - force bolt 1 attack 0% 74% i - invisibility 4 escape 89% 94% w - wizard lock 2 matter 29% 76% I - identify 3 divination 0% 74% W - pray for help -- divine ? -- Your skills at the end: Miscellaneous Skills wands [Basic] Weapon Skills dagger [Basic] club [Basic] quarterstaff [Basic] crossbow [Basic] Spellcasting Skills attack spells [Basic] divination spells [Basic] enchantment spells [Basic] Final Attributes: You were fervently aligned. You were magic-protected. You were telepathic. You had infravision. You are dead. Vanquished creatures: a giant beetle a gnome king a black unicorn a snake 2 bugbears a gnome lord a gray ooze 2 giant ants 6 floating eyes a homunculus a kobold shaman 2 iguanas a hill orc a giant bat a monkey an orc zombie a wererat 4 killer bees 2 coyotes a gas spore 2 geckos 3 hobgoblins 2 yellow molds a red mold 2 garter snakes 3 manes 9 jackals 2 foxes 2 kobolds 10 newts 4 goblins 5 sewer rats 7 grid bugs a bat 4 lichens 2 kobold zombies 91 creatures vanquished. Voluntary challenges: You had been an atheist until turn 3881. You used a wielded weapon 95 times, starting on turn 90. You did not apply a unicorn horn. You read items or engraved 26 times, starting on turn 77. You never genocided any monsters. You never polymorphed an object. You never changed form. You used no wishes. You never split a pudding. You never wrote Elbereth's name. You violated your moral code, losing 2 points of alignment, starting on turn 2940. Dungeon overview: The Dungeons of Doom: levels 1 to 6 Level 1 many fountains, a sink a long staircase Level 2 a delicatessen Level 3 a hardware shop Level 4 a sink a long staircase Level 5 Level 6 (black unicorn here) <- You were here an altar to Ptah History has recorded: On T:1 you entered the Dungeons of Doom to retrieve the Amulet of Yendor! On T:362 you advanced to experience level 2. On T:668 you advanced to experience level 3. On T:826 you reached level 2 of The Dungeons of Doom. On T:1852 you reached level 3 of The Dungeons of Doom. On T:2142 you advanced to experience level 4. On T:2753 you reached level 4 of The Dungeons of Doom. On T:3310 you reached level 5 of The Dungeons of Doom. On T:3828 you advanced to experience level 5. On T:4107 you reached level 6 of The Dungeons of Doom. On T:4328 you advanced to experience level 6. Score breakdown: Gold: 547 ( 54 points) Experience: 6 levels ( 500 points) Exploration: 6 levels ( 150 points) Discoveries: 28 items ( 1400 points) Variety of kills: 36 monsters ( 1800 points) Major goal: (nothing yet) ( 0 points) Survival: died (score multiplied by 3) Total score: 11712 Latest messages: The spell hits the black unicorn! The black unicorn resists! You kill the black unicorn! You try to feel what is lying here on the floor. There is a doorway here. There are a few objects here. There is a black unicorn corpse here, but you cannot lift any more. You drop an uncursed sack. F - a black unicorn corpse. H - a unicorn horn. You can barely move a handspan with this load! You try to feel what is lying here on the floor. You feel here a large box. Use the 'moveonly' command to move into a remembered wall. You hear some noises. You don't have enough stamina to move. The giant ant bites! (3x) You drop a black unicorn corpse. Your movements are now unencumbered. The giant ant bites! (2x) You die... Final status: Goodbye Frizzbo the Wizard, killed by a giant ant... You died in The Dungeons of Doom on dungeon level 6 with 11712 points, and 547 pieces of gold, after 5279 moves. You were level 6 with a maximum of 34 hit points when you died.